[Event "Team 45 45 League T72"]
[Site "Internet Chess Club"]
[Date "2017.04.24"]
[Round "6"]
[White "Goli"]
[Black "cadmiumorange"]
[Result "1-0"]
[WhiteElo "1818"]
[BlackElo "1831"]
[Opening "Robatsch defense: Rossolimo variation"]
[ECO "B06"]
[Time "14:00:52"]
[TimeControl "2700+45"]

1. e4 g6 2. d4 Bg7 3. c4 d6 4. Nf3 Bg4 5. Be2 Nc6 6. Be3 e5 7. d5 Nce7 8. O-O h6
9. Nc3 f5 10. exf5 gxf5 11. h3 Bxf3 12. Bxf3 Nf6 13. Bh5+ Kf8 14. f4 e4 15. Nb5
Nxh5 16. Qxh5 a6 17. Nd4 Bxd4 18. Bxd4 Rh7 19. Bf6 Qe8 20. Bxe7+ Qxe7 21. Qxf5+
Qf7 22. Qxe4 Re8 23. Qd4 Rg7 24. Rae1 Qg6 25. Rxe8+ Kxe8 26. Qe3+ Re7 27. Qf2
Qe4 28. b3 b5 29. cxb5 axb5 30. Rd1 Kd7 31. Qd2 Rf7 32. g3 Qf3 33. Qd3 Qh5 34.
Qxb5+ Kd8 35. Qf1 Rg7 36. Kg2 Qf5 37. Rd2 Re7 38. Qd3 Qf7 39. a4 h5 40. h4 Qe8
41. Kf2 Qd7 42. Re2 Qh3 43. Rxe7 Qh2+ 44. Ke1 Qg1+ 45. Kd2 Kxe7 46. Qe3+ {Black
resigns} 1-0

[Event "Team 45 45 League T72"]
[Site "Internet Chess Club"]
[Date "2017.04.22"]
[Round "6"]
[White "PolishRyszard"]
[Black "julesraider"]
[Result "1-0"]
[WhiteElo "1776"]
[BlackElo "1614"]
[Opening "Trompowsky attack (Ruth, Opocenský opening)"]
[ECO "A45"]
[Time "16:01:04"]
[TimeControl "2700+45"]

1. d4 Nf6 2. Bg5 g6 3. Bxf6 exf6 4. e3 d5 5. g3 Bg7 6. Bg2 c6 7. Ne2 Qb6 8. Qc1
Na6 9. O-O O-O 10. Nd2 Bd7 11. c4 dxc4 12. Nxc4 Qb5 13. Nf4 Be6 14. b3 Nc7 15.
Re1 f5 16. Rb1 Bd5 17. Bf1 Qb4 18. Qd2 a5 19. a4 b5 20. Qxb4 axb4 21. Nb6 Ra5
22. Nbxd5 cxd5 23. Rec1 g5 24. Nh5 Ra7 25. axb5 Rb7 26. Rc5 Rd8 27. Nxg7 Kxg7
28. Rbc1 Ne6 29. Rc6 f4 30. Bd3 h5 31. Kg2 fxe3 32. fxe3 g4 33. h4 gxh3+ 34.
Kxh3 Rdd7 35. Kh4 Kh6 36. Ra6 Rdc7 37. Rac6 Rd7 38. Rc8 Rdc7 39. R1xc7 Nxc7 40.
b6 Ne6 41. Rc6 Kg7 42. Ba6 Rb8 43. b7 Nd8 44. Rc8 Rxb7 45. Bxb7 Nxb7 46. Kxh5
Nd6 47. Rd8 Nf5 48. Rxd5 Nxg3+ 49. Kg4 Ne4 50. Rb5 Nf2+ 51. Kf3 Nd3 52. Ke4 Nf2+
53. Kf3 Nd3 54. Ke4 Nf2+ 55. Kd5 Nd1 56. Rxb4 Nxe3+ 57. Ke4 Ng4 58. Rb6 Nf2+ 59.
Kf5 Nd3 60. d5 Nc5 61. b4 Nd7 62. Rd6 Nf8 63. b5 Nh7 64. b6 Kf8 65. Rh6 {Black
resigns} 1-0

[Event "Team 45 45 League T72"]
[Site "Internet Chess Club"]
[Date "2017.04.24"]
[Round "6"]
[White "losscause"]
[Black "KidRattler"]
[Result "0-1"]
[WhiteElo "1449"]
[BlackElo "1626"]
[Opening "Sicilian: Hungarian variation"]
[ECO "B27"]
[Time "21:00:51"]
[TimeControl "2700+45"]

1. e4 c5 2. Nf3 g6 3. Nc3 Bg7 4. Bc4 a6 5. Ng5 e6 6. d4 Bxd4 7. Qf3 Qf6 8. Qxf6
Nxf6 9. a4 Bxc3+ 10. bxc3 d5 11. exd5 exd5 12. Be2 Bf5 13. Bd3 Bxd3 14. cxd3
Nbd7 15. Bf4 h6 16. Nf3 g5 17. Bg3 O-O-O 18. O-O Ne8 19. Ne5 Nxe5 20. Bxe5 f6
21. Bg3 Nd6 22. Bxd6 Rxd6 23. Rfe1 Kd7 24. Rab1 Rb8 25. f3 Re6 26. Kf2 Rxe1 27.
Kxe1 Kd6 28. Kd2 b5 29. axb5 Rxb5 30. Ra1 Rb2+ 31. Ke3 Rxg2 32. Rxa6+ Ke5 33.
d4+ cxd4+ 34. cxd4+ Kf5 35. Rd6 Rxh2 36. Rxd5+ Ke6 37. Ra5 h5 38. Ra6+ Kf5 39.
d5 h4 40. d6 Ke6 41. f4 g4 42. f5+ Kd7 43. Kf4 g3 44. Ra7+ Kxd6 45. Rg7 Rf2+ 46.
Ke3 Rxf5 47. Rg4 Rg5 48. Rxh4 g2 49. Rd4+ Kc5 {White resigns} 0-1

[Event "Team 45 45 League T72"]
[Site "Internet Chess Club"]
[Date "2017.04.23"]
[Round "6"]
[White "Elalfer"]
[Black "Packerfan"]
[Result "0-1"]
[WhiteElo "1581"]
[BlackElo "1781"]
[Opening "Budapest: Fajarowicz variation"]
[ECO "A51"]
[Time "14:30:47"]
[TimeControl "2700+45"]

1. d4 Nf6 2. c4 e5 3. dxe5 Ne4 4. Nf3 Nc6 5. Qc2 Bb4+ 6. Nbd2 Nxd2 7. Bxd2 Bxd2+
8. Qxd2 Qe7 9. Qc3 O-O 10. e3 Re8 11. Bd3 Nxe5 12. Nxe5 Qxe5 13. Qxe5 Rxe5 14.
O-O-O d6 15. e4 b6 16. f4 Re8 17. Rhe1 Bb7 18. g3 Re7 19. Re3 Rae8 20. Rde1 g6
21. Kd2 a5 22. a3 Kg7 23. Kc3 f5 24. e5 dxe5 25. Rxe5 Rxe5 26. fxe5 c5 27. b4
axb4+ 28. axb4 Be4 29. bxc5 Bxd3 30. Kxd3 bxc5 31. Kc3 Rd8 32. e6 Kf6 33. Kb3
Re8 34. Ka4 Rxe6 35. Rd1 Rb6 36. Rc1 Rb4+ 37. Ka3 h5 38. Rc2 g5 39. h3 f4 40.
gxf4 gxf4 41. Rc3 Kf5 {White resigns} 0-1

[Event "Team 45 45 League T72"]
[Site "Internet Chess Club"]
[Date "2017.04.20"]
[Round "6"]
[White "tryanything"]
[Black "cayo89"]
[Result "0-1"]
[WhiteElo "1601"]
[BlackElo "1683"]
[Opening "Philidor: Philidor counter-gambit"]
[ECO "C40"]
[Time "19:01:53"]
[TimeControl "2700+45"]

1. e4 e5 2. Nf3 f5 3. d4 d6 4. exf5 e4 5. Nfd2 Bxf5 6. Nc3 Nf6 7. Bc4 d5 8. Be2
Bb4 9. O-O O-O 10. Nb3 Nc6 11. f3 Bxc3 12. bxc3 exf3 13. Bxf3 Ne4 14. Bxe4 Bxe4
15. Rxf8+ Qxf8 16. Nc5 Re8 17. a4 Qf5 18. Nd3 Na5 19. Qf1 Nc4 20. Qxf5 Bxf5 21.
Bf4 Re2 22. Rc1 Be4 23. Nf2 Rxc2 24. Nxe4 Rxc1+ 25. Bxc1 dxe4 26. Kf2 Kf7 27. g3
Ke6 28. h4 c6 29. g4 b5 30. axb5 cxb5 31. Kg3 a5 32. Kf4 Kd5 33. h5 a4 34. Kf5
a3 {White resigns} 0-1

[Event "Team 45 45 League T72"]
[Site "Internet Chess Club"]
[Date "2017.04.23"]
[Round "6"]
[White "krysto"]
[Black "clarinetref"]
[Result "1-0"]
[WhiteElo "1585"]
[BlackElo "1518"]
[Opening "QGD Slav: 5.e3 (Alekhine variation)"]
[ECO "D15"]
[Time "21:05:27"]
[TimeControl "2700+45"]

1. d4 d5 2. c4 c6 3. Nf3 Nf6 4. Nc3 dxc4 5. e3 b5 6. a4 b4 7. Nb1 Ba6 8. Nbd2 c3
9. bxc3 bxc3 10. Nc4 Qd5 11. Qb3 Nbd7 12. Qxc3 c5 13. Bd3 Rc8 14. Nb6 axb6 15.
Bxa6 Ne4 16. Qc2 Rc7 17. Bc4 Qf5 18. Bd3 Ndf6 19. O-O e6 20. Nd2 Bd6 21. h3 cxd4
22. Nxe4 Nxe4 23. Qb1 Rxc1 24. Qb5+ Ke7 25. Raxc1 Qxb5 26. Bxb5 dxe3 27. fxe3
Bc5 28. Rfe1 Rd8 29. Bc6 Ng3 30. a5 Rd6 31. Bf3 Nf5 32. a6 Bxe3+ 33. Rxe3 b5 34.
a7 Ra6 35. Rc7+ Kf6 36. Re1 Nd4 37. a8=Q Rxa8 38. Bxa8 {Black resigns} 1-0

[Event "Team 45 45 League T72"]
[Site "Internet Chess Club"]
[Date "2017.04.22"]
[Round "6"]
[White "kutch"]
[Black "scostanzo212"]
[Result "1-0"]
[WhiteElo "1563"]
[BlackElo "1556"]
[Opening "QGD Slav: 4.e3 Bf5"]
[ECO "D12"]
[Time "13:01:37"]
[TimeControl "2700+45"]

1. d4 d5 2. c4 c6 3. Nf3 Nf6 4. e3 Bf5 5. Nh4 e6 6. Nxf5 exf5 7. a3 Bd6 8. Nc3
dxc4 9. Bxc4 O-O 10. Qf3 g6 11. O-O Nbd7 12. b4 Qe7 13. Bb2 Rfe8 14. h3 Bxb4 15.
axb4 Qxb4 16. Qe2 Ne4 17. Nxe4 fxe4 18. Rfb1 Nb6 19. Rc1 Nxc4 20. Rxc4 Qd6 21.
Rca4 a6 22. Ba3 Qc7 23. Bc1 Qc8 24. Rc4 b5 25. Rc5 Rd8 26. Qc2 f5 27. Rxc6 Qb7
28. Bb2 Rdc8 29. Rc1 Rxc6 30. Qxc6 Qxc6 31. Rxc6 a5 32. Kf1 b4 33. Rc4 Kf8 34.
Ke2 Ke8 35. f3 exf3+ 36. gxf3 Kd7 37. e4 fxe4 38. fxe4 Kd6 39. d5 b3 40. Rc6+
Kd7 41. Kd3 a4 42. Ba3 Rb8 43. Kc3 Re8 44. Rc4 g5 45. Rxa4 h5 46. Ra7+ {Black
resigns} 1-0

[Event "Team 45 45 League T72"]
[Site "Internet Chess Club"]
[Date "2017.04.20"]
[Round "6"]
[White "Covy"]
[Black "TheRailgun"]
[Result "1/2-1/2"]
[WhiteElo "1932"]
[BlackElo "1866"]
[Opening "Sicilian: Najdorf"]
[ECO "B90"]
[Time "20:00:11"]
[TimeControl "2700+45"]

1. e4 c5 2. Nf3 d6 3. d4 cxd4 4. Nxd4 Nf6 5. Nc3 a6 6. a4 e5 7. Nb3 Be6 8. Be2
Be7 9. O-O O-O 10. Be3 Nc6 11. Bf3 Rc8 12. Nd5 Bxd5 13. exd5 Na5 14. Nxa5 Qxa5
15. Qd3 Qb4 16. c3 Qxb2 17. c4 Qb4 18. Be2 Qa5 19. Rfb1 Qc7 20. Rb4 Nd7 21. Rab1
Nc5 22. Bxc5 Qxc5 23. Rxb7 Rc7 24. Qb3 e4 25. Rxc7 Qxc7 26. Qb7 Qxb7 27. Rxb7
Bf6 28. Rb6 Be5 29. Rxa6 Rb8 30. a5 Rb1+ 31. Bf1 f5 32. g3 Bd4 33. Rxd6 Rb2 34.
Rd7 Rxf2 35. d6 Ra2+ 36. Kh1 Ra1 37. Kg2 Ra2+ 38. Kh1 Ra1 {Game drawn by mutual
agreement} 1/2-1/2

[Event "Team 45 45 League T72"]
[Site "Internet Chess Club"]
[Date "2017.04.23"]
[Round "6"]
[White "vael"]
[Black "Agarnez"]
[Result "1-0"]
[WhiteElo "2014"]
[BlackElo "1945"]
[Opening "French: advance variation"]
[ECO "C02"]
[Time "18:14:14"]
[TimeControl "2700+45"]

1. e4 e6 2. d4 d5 3. e5 b6 4. Nf3 c5 5. c3 Qd7 6. Bd3 Ba6 7. O-O Bxd3 8. Qxd3
Nc6 9. Be3 Rc8 10. Na3 c4 11. Qd2 Nd8 12. Rfe1 Ne7 13. g4 b5 14. Nc2 Nec6 15. h4
a5 16. h5 b4 17. Bg5 bxc3 18. bxc3 Rb8 19. Bf4 Na7 20. Reb1 Rb5 21. Ne3 h6 22.
Rxb5 Nxb5 23. a4 Na7 24. Qc2 Be7 25. Rb1 Qc6 26. Kg2 Qd7 27. Rb6 Qc7 28. Rb2 Ba3
29. Rb1 Ndc6 30. Bg3 Nb8 31. Nxd5 exd5 32. e6 Bd6 33. exf7+ Qxf7 34. Bxd6 Nbc6
35. Ne5 Nxe5 36. Rb8+ Kd7 37. Rb7+ Kc6 38. Rxf7 Nxf7 39. Bc5 Nc8 40. Qg6+ Ncd6
41. Bxd6 Nxd6 42. Qxg7 {Black resigns} 1-0

[Event "Team 45 45 League T72"]
[Site "Internet Chess Club"]
[Date "2017.04.20"]
[Round "6"]
[White "roji"]
[Black "kamalchandran"]
[Result "1-0"]
[WhiteElo "1905"]
[BlackElo "1918"]
[Opening "King's Indian: London system"]
[ECO "A45"]
[Time "23:01:05"]
[TimeControl "2700+45"]

1. d4 Nf6 2. Bf4 g6 3. Nf3 Bg7 4. e3 O-O 5. Be2 d6 6. O-O c6 7. c4 Nbd7 8. h3
Re8 9. Nc3 a6 10. a4 Qb6 11. Qc2 e5 12. Bh2 Nh5 13. Rad1 f5 14. Rfe1 Nf8 15. c5
dxc5 16. dxe5 Be6 17. Rd6 Nd7 18. Rxe6 Rxe6 19. Bc4 Re8 20. g4 fxg4 21. hxg4
Nxe5 22. Bxe5 Bxe5 23. gxh5 Kg7 24. Bxe6 Rxe6 25. Nxe5 Rxe5 26. hxg6 Rg5+ 27.
Kf1 Rxg6 28. Ne4 Qd8 29. Ng3 Qf8 30. Qc3+ Kg8 31. Qc4+ Kh8 32. Qf4 Rf6 33. Qe5
Kg8 34. Ne4 Rg6 35. Rd1 h6 36. Rd7 Qc8 37. Qe7 b5 38. Nf6+ Rxf6 39. Qg7# {Black
checkmated} 1-0

[Event "Team 45 45 League T72"]
[Site "Internet Chess Club"]
[Date "2017.04.22"]
[Round "6"]
[White "Monterrey"]
[Black "Percival"]
[Result "1/2-1/2"]
[WhiteElo "1910"]
[BlackElo "2052"]
[Opening "QGD Slav defense"]
[ECO "D10"]
[Time "20:00:54"]
[TimeControl "2700+45"]

1. d4 d5 2. c4 c6 3. Nc3 Nf6 4. e3 g6 5. Nf3 Bg7 6. Be2 O-O 7. O-O b6 8. b4 Bb7
9. Bb2 Nbd7 10. Qb3 e6 11. Rfd1 Qe7 12. a4 a6 13. Ba3 Rfc8 14. Rac1 Bf8 15. Nb1
Qd8 16. Nc3 Rab8 17. cxd5 cxd5 18. b5 a5 19. Bd3 Be7 20. Ne2 Qf8 21. Bxe7 Qxe7
22. Rxc8+ Rxc8 23. Rc1 Rxc1+ 24. Nxc1 Qd6 25. Qc3 Ne8 26. Ne5 f6 27. Nxd7 Qxd7
28. f4 Qc7 29. Na2 Qxc3 30. Nxc3 Nd6 31. Kf2 Kf7 32. g4 {Game drawn by mutual
agreement} 1/2-1/2

[Event "Team 45 45 League T72"]
[Site "Internet Chess Club"]
[Date "2017.04.23"]
[Round "6"]
[White "LinceHispano44"]
[Black "achessman"]
[Result "0-1"]
[WhiteElo "1738"]
[BlackElo "1899"]
[Opening "Queen's pawn game"]
[ECO "D02"]
[Time "15:07:49"]
[TimeControl "2700+45"]

1. Nf3 d5 2. d4 c6 3. c3 Bf5 4. Qb3 Qb6 5. Bf4 Nf6 6. h3 Nbd7 7. e3 h6 8. Nbd2
e6 9. c4 dxc4 10. Bxc4 Be7 11. O-O O-O 12. Rfe1 Qxb3 13. Bxb3 Ne4 14. Nxe4 Bxe4
15. Ne5 Nxe5 16. Bxe5 c5 17. f3 Bc6 18. Rad1 Rfd8 19. e4 cxd4 20. Bc4 Bc5 21. a3
a5 22. Re2 d3+ {White resigns} 0-1

[Event "Team 45 45 League T72"]
[Site "Internet Chess Club"]
[Date "2017.04.20"]
[Round "6"]
[White "LittleButton"]
[Black "Rhel"]
[Result "1/2-1/2"]
[WhiteElo "1857"]
[BlackElo "1804"]
[Opening "King's Indian: Torre attack"]
[ECO "A48"]
[Time "16:00:36"]
[TimeControl "2700+45"]

1. d4 Nf6 2. Nf3 g6 3. Bg5 Bg7 4. Nbd2 d5 5. c3 O-O 6. e3 Nbd7 7. Be2 c5 8. O-O
b6 9. a4 Bb7 10. a5 Re8 11. axb6 axb6 12. Bb5 Qc7 13. Ne5 Rxa1 14. Qxa1 Ra8 15.
Qb1 Ba6 16. Bxa6 Rxa6 17. Nd3 Qa7 18. Re1 e6 19. f3 Ra2 20. e4 h6 21. Bh4 dxe4
22. fxe4 cxd4 23. cxd4 g5 24. Bf2 Ng4 25. e5 Nxf2 26. Nxf2 f6 27. exf6 Nxf6 28.
Nc4 Nd5 29. Na3 Nc3 30. bxc3 Qxa3 31. Qxb6 Qxc3 32. Qxe6+ Kh8 33. Qe8+ Kh7 34.
Qe4+ Kh8 35. Qe8+ {Game drawn by mutual agreement} 1/2-1/2

[Event "Team 45 45 League T72"]
[Site "Internet Chess Club"]
[Date "2017.04.24"]
[Round "6"]
[White "KidRattler"]
[Black "laurenpar"]
[Result "0-1"]
[WhiteElo "1617"]
[BlackElo "1934"]
[Opening "French: Tarrasch"]
[ECO "C03"]
[Time "07:00:32"]
[TimeControl "2700+45"]

1. e4 e6 2. d4 d5 3. Nd2 a6 4. Ngf3 c5 5. exd5 exd5 6. c3 Nf6 7. Ne5 Nc6 8. Ndf3
Bf5 9. Ng5 Nxe5 10. dxe5 Ne4 11. Qf3 Bg6 12. Nxe4 dxe4 13. Qg3 Be7 14. Bc4 b5
15. Bb3 Qd3 16. Qxd3 exd3 17. Bd2 c4 18. Bd1 Bc5 19. Bf3 Ra7 20. O-O O-O 21. Kh1
Re8 22. Rae1 Bf5 23. g4 Bc8 24. Kg2 Bb7 25. Bxb7 Rxb7 26. Re4 g6 27. Rfe1 a5 28.
f4 Rbe7 29. Kf3 Kg7 30. f5 Rd7 31. f6+ Kg8 32. e6 Rxe6 33. Rxe6 fxe6 34. Rxe6
Rd6 35. Re8+ Kf7 36. Re7+ Kxf6 37. Rxh7 Re6 38. Rc7 Bd6 39. g5+ Ke5 40. Rb7 Kd5
41. Rxb5+ Kc6 42. Rxa5 Re2 43. Be3 Rxb2 44. Ra6+ Kd5 45. Ra5+ Ke6 46. Ra4 d2 47.
Ke2 Kd5 48. Kd1 Ke4 49. Bxd2 Kd3 50. Ra6 Rxd2+ 51. Ke1 Kxc3 52. Rc6 Bxh2 53.
Rxg6 Bg3+ 54. Kf1 Rf2+ 55. Kg1 Rxa2 56. Rf6 Be5 57. Re6 Bd4+ 58. Kf1 Rf2+ 59.
Ke1 Rg2 60. g6 Kd3 61. Kf1 Rg1# {White checkmated} 0-1

[Event "Team 45 45 League T72"]
[Site "Internet Chess Club"]
[Date "2017.04.23"]
[Round "6"]
[White "drbishop"]
[Black "Rhel"]
[Result "0-1"]
[WhiteElo "1691"]
[BlackElo "1815"]
[Opening "Grünfeld defense"]
[ECO "D80"]
[Time "16:09:37"]
[TimeControl "2700+45"]

1. d4 Nf6 2. c4 g6 3. Nc3 d5 4. e3 Bg7 5. cxd5 Nxd5 6. Bc4 Nxc3 7. bxc3 O-O 8.
Nf3 c5 9. O-O Qc7 10. Qb3 Nc6 11. Bxf7+ Rxf7 12. Ng5 Nd8 13. Nxf7 Nxf7 14. Ba3
c4 15. Qb4 Nd6 16. f3 Bd7 17. e4 a5 18. Qb2 b5 19. Rae1 b4 20. cxb4 axb4 21.
Bxb4 Qb6 22. Rd1 Nb5 23. Bc5 Qxc5 24. dxc5 Bxb2 25. Rxd7 Bd4+ 26. Kh1 Bxc5 27.
Rd5 Rc8 28. Rc1 c3 29. a4 Be3 30. Rc2 Na3 31. Rd3 {White resigns} 0-1

[Event "Team 45 45 League T72"]
[Site "Internet Chess Club"]
[Date "2017.04.19"]
[Round "6"]
[White "qs16"]
[Black "WillC"]
[Result "1-0"]
[WhiteElo "1589"]
[BlackElo "1637"]
[Opening "Sicilian"]
[ECO "B50"]
[Time "16:02:25"]
[TimeControl "2700+45"]

1. e4 c5 2. Nf3 d6 3. Bc4 Nf6 4. Nc3 Nc6 5. h3 g6 6. a3 Bg7 7. O-O O-O 8. d3 a6
9. Re1 b5 10. Ba2 Bb7 11. Be3 e6 12. Qd2 Qc7 13. Bh6 Nd4 14. Nxd4 cxd4 15. Ne2
e5 16. Bxg7 Kxg7 17. Rac1 d5 18. f3 Rac8 19. c3 dxc3 20. Rxc3 Qb6+ 21. Kh1 Rfd8
22. Ng3 Qa5 23. b4 Qb6 24. Kh2 Qd4 25. Rec1 Rxc3 26. Qxc3 dxe4 27. dxe4 Rd7 28.
Bb3 Ne8 29. Nf1 Qd6 30. Ne3 Rc7 31. Qb2 Rxc1 32. Qxc1 Qd3 33. Bd5 Bxd5 34. Nxd5
Qc4 35. Qg5 f6 36. Qg4 Qc6 37. Ne7 Qc7 38. Qe6 Qc4 39. Nd5 f5 40. Qxe8 fxe4 41.
Qxe5+ Kh6 42. Qxe4 Qb3 43. Qf4+ Kg7 44. Qf6+ Kh6 45. Ne7 Qa2 46. Nf5+ Kh5 47.
Ng7+ Kh6 48. Ne6 Qd5 49. Qg7+ Kh5 50. Qxh7# {Black checkmated} 1-0

[Event "Team 45 45 League T72"]
[Site "Internet Chess Club"]
[Date "2017.04.24"]
[Round "6"]
[White "justice02"]
[Black "AVEMARIA"]
[Result "1-0"]
[WhiteElo "1633"]
[BlackElo "1711"]
[Opening "Caro-Kann: classical variation"]
[ECO "B18"]
[Time "18:00:35"]
[TimeControl "2700+45"]

1. e4 c6 2. d4 d5 3. Nd2 dxe4 4. Nxe4 Bf5 5. Ng5 Nf6 6. Bc4 Nd5 7. Qf3 Bg6 8. c3
e6 9. Ne2 Be7 10. Ne4 Nd7 11. Bd3 O-O 12. Qg3 N7f6 13. Nxf6+ Nxf6 14. Bxg6 fxg6
15. O-O Bd6 16. Qh3 Qd7 17. Be3 e5 18. Qxd7 Nxd7 19. Rad1 Nb6 20. dxe5 Bxe5 21.
Bxb6 axb6 22. a3 Rad8 23. g3 g5 24. Kg2 g6 25. Nc1 Bc7 26. Rfe1 Rxd1 27. Rxd1
Rd8 28. Rxd8+ Bxd8 29. Kf3 Kf7 30. Nd3 Ke6 31. Ke4 Bc7 32. b4 h5 33. c4 g4 34.
a4 g5 35. a5 c5 36. axb6 Bxb6 37. Nxc5+ Bxc5 38. bxc5 h4 39. Kd4 h3 40. Ke4 Kf6
41. Kd5 Kf5 42. c6 bxc6+ 43. Kxc6 Ke4 44. Kd6 Kf3 45. c5 Kxf2 46. c6 Kg2 47. c7
Kxh2 48. c8=Q Kxg3 49. Qc3+ Kh4 50. Ke5 h2 51. Qe1+ g3 52. Qf1 Kg4 53. Ke4 Kh4
54. Kf5 g4 55. Kf4 {Black resigns} 1-0

[Event "Team 45 45 League T72"]
[Site "Internet Chess Club"]
[Date "2017.04.22"]
[Round "6"]
[White "laurenpar"]
[Black "fledermaus"]
[Result "1-0"]
[WhiteElo "1929"]
[BlackElo "1791"]
[Opening "QGD: classical variation (5.Bf4)"]
[ECO "D37"]
[Time "06:08:07"]
[TimeControl "2700+45"]

1. c4 e6 2. Nc3 d5 3. d4 Nf6 4. Nf3 Be7 5. Bf4 c6 6. e3 O-O 7. c5 b6 8. b4 Nbd7
9. Bd3 bxc5 10. bxc5 a5 11. Na4 Ba6 12. h3 Ne4 13. O-O Re8 14. Rb1 Bf6 15. Bxa6
Rxa6 16. Ne5 Bxe5 17. Bxe5 f6 18. Bh2 e5 19. Qd3 Ra7 20. Rb2 Qc7 21. Rfb1 Rb8
22. Rxb8+ Nxb8 23. f3 Ng5 24. f4 Nf7 25. fxe5 fxe5 26. Qf5 Nd7 27. Rf1 Nh6 28.
Qe6+ Kh8 29. Qe8+ Ng8 30. Bxe5 Nf6 31. Rxf6 {Black resigns} 1-0

[Event "Team 45 45 League T72"]
[Site "Internet Chess Club"]
[Date "2017.04.21"]
[Round "6"]
[White "jonesey"]
[Black "cadmiumorange"]
[Result "1-0"]
[WhiteElo "1890"]
[BlackElo "1838"]
[Opening "Scandinavian defense"]
[ECO "B01"]
[Time "14:03:23"]
[TimeControl "2700+45"]

1. e4 d5 2. exd5 Nf6 3. d4 Bg4 4. Be2 Bxe2 5. Qxe2 Qxd5 6. Nf3 e6 7. Nc3 Qh5 8.
Bf4 c6 9. O-O-O Nbd7 10. Rhe1 Be7 11. h3 O-O 12. g4 Qa5 13. Kb1 Nd5 14. Bd2
Nxc3+ 15. Bxc3 Bb4 16. Rd3 Nf6 17. Bxb4 Qxb4 18. Rb3 Qe7 19. Qe5 Rfd8 20. c4 Nd7
21. Qc7 Qf6 22. Qxb7 Nb6 23. c5 Nd5 24. Qxc6 Qg6+ 25. Kc1 Rac8 26. Qb7 Qh6+ 27.
Kb1 Qg6+ 28. Ka1 Rc7 29. Qa6 Qc2 30. Qe2 Qxe2 31. Rxe2 Nf4 32. Rd2 f6 33. h4 Rd5
34. Rb8+ Kf7 35. b4 h5 36. g5 Rf5 37. gxf6 gxf6 38. Ne1 Rd5 39. Kb2 e5 40. Nf3
e4 41. Ne1 Ne6 42. Kc3 f5 43. Kc4 Rdd7 44. d5 Nd8 45. d6 Rb7 46. Rxb7 Rxb7 47.
b5 {Black resigns} 1-0

[Event "Team 45 45 League T72"]
[Site "Internet Chess Club"]
[Date "2017.04.22"]
[Round "6"]
[White "ascoli"]
[Black "LazyPeon"]
[Result "1/2-1/2"]
[WhiteElo "1689"]
[BlackElo "1658"]
[Opening "Sicilian: closed, 6.Be3"]
[ECO "B26"]
[Time "14:00:41"]
[TimeControl "2700+45"]

1. e4 c5 2. Nc3 Nc6 3. g3 g6 4. Bg2 Bg7 5. d3 d6 6. Be3 e5 7. Nge2 Nge7 8. O-O
O-O 9. f4 Nd4 10. Nd5 Bg4 11. Bxd4 cxd4 12. h3 Bd7 13. Nxe7+ Qxe7 14. c3 Bc6 15.
cxd4 exd4 16. Rc1 Rfe8 17. g4 f5 18. gxf5 gxf5 19. Ng3 fxe4 20. dxe4 Qh4 21. Nf5
Qf6 22. Rf2 Bxe4 23. Bxe4 Rxe4 24. Nxg7 Kxg7 25. Rg2+ Kh8 26. Qg4 Rxf4 27. Rc8+
Rxc8 28. Qxc8+ Qf8 29. Qc1 Rf3 30. Qd2 Rf1+ 31. Kh2 Qf4+ 32. Qxf4 Rxf4 33. Kg3
Re4 34. Kf3 Re3+ 35. Kf4 d5 36. Kf5 Rxh3 37. Kf6 d3 38. Kf7 Rf3+ 39. Ke6 h5 40.
Rh2 d4 41. Rxh5+ Kg7 42. Rg5+ Kh6 43. Rg2 Re3+ 44. Kd5 Re2 45. Rg1 Rxb2 46. Kxd4
Rxa2 47. Kxd3 Ra4 48. Ke3 b5 49. Kd3 Rc4 50. Ra1 Rc7 51. Ra5 Rb7 52. Kc3 Kg6 53.
Kb4 Kf6 54. Rxb5 Rh7 55. Ka5 Ke6 56. Ka6 Kd6 57. Rb8 Rh1 58. Kxa7 Kc7 59. Rb7+
Kc6 60. Rb6+ Kc5 61. Rb7 Ra1+ {Game drawn by mutual agreement} 1/2-1/2

[Event "Team 45 45 League T72"]
[Site "Internet Chess Club"]
[Date "2017.04.22"]
[Round "6"]
[White "LookImYourVader"]
[Black "Fianchettoed"]
[Result "0-1"]
[WhiteElo "1744"]
[BlackElo "1752"]
[Opening "KP: Nimzovich defense"]
[ECO "B00"]
[Time "15:00:34"]
[TimeControl "2700+45"]

1. e4 Nc6 2. Nf3 d6 3. d4 Nf6 4. Nc3 Bg4 5. Be3 e6 6. h3 Bxf3 7. Qxf3 d5 8. Bb5
Be7 9. e5 Nd7 10. Qg4 g6 11. Bh6 Nb6 12. a4 a6 13. Bxc6+ bxc6 14. O-O Nd7 15.
Ne2 c5 16. c3 Rb8 17. Rab1 c4 18. f4 Bf8 19. Bg5 h5 20. Qh4 Be7 21. g4 Bxg5 22.
fxg5 Rh7 23. Nf4 Ke7 24. gxh5 Qh8 25. h6 Rb3 26. Qf2 Kd8 27. h4 Kc8 28. h5 gxh5
29. Nxh5 Qg8 30. Ng7 Rxg7 31. hxg7 Qxg7 32. Qh4 Qg6 33. Qf4 Kb7 34. Qxf7 Qxg5+
35. Kf2 Qh4+ 36. Kf3 Qh3+ 37. Ke2 Qd3+ 38. Kf2 Qd2+ 39. Kg3 Qxd4 40. Qxd7 Qxe5+
41. Kg4 Qe4+ 42. Kg5 Qg2+ 43. Kf6 Rb6 44. Ke7 Rd6 45. Qe8 Qg5+ 46. Rf6 e5 47.
Qf7 Qh4 48. b3 Rxf6 49. bxc4+ Rb6+ {White resigns} 0-1

[Event "Team 45 45 League T72"]
[Site "Internet Chess Club"]
[Date "2017.04.23"]
[Round "6"]
[White "kutch"]
[Black "idjit"]
[Result "0-1"]
[WhiteElo "1549"]
[BlackElo "1623"]
[Opening "Nimzo-Indian: classical variation"]
[ECO "E32"]
[Time "11:04:09"]
[TimeControl "2700+45"]

1. d4 Nf6 2. c4 e6 3. Nc3 Bb4 4. Qc2 O-O 5. a3 Bxc3+ 6. Qxc3 Ne4 7. Qc2 f5 8.
Nh3 Nc6 9. e3 b6 10. f3 Nf6 11. Be2 a5 12. O-O Ba6 13. b3 d5 14. Bb2 Qd6 15.
Rfd1 Ne7 16. Bd3 c6 17. Qe2 b5 18. cxb5 Bxb5 19. Bxb5 cxb5 20. Qxb5 Rfb8 21. Qd3
Qb6 22. b4 axb4 23. axb4 Qxb4 24. Ba3 Qb7 25. Rdb1 Qd7 26. Rxb8+ Rxb8 27. Bxe7
Qxe7 28. Rb1 Rxb1+ 29. Qxb1 Kf7 30. Qb3 h6 31. Nf2 g5 32. Nd3 Nd7 33. Qb7 Kf6
34. Nc5 Nxc5 35. Qxe7+ Kxe7 36. dxc5 Kd7 37. Kf2 e5 38. Kg3 Kc6 39. f4 gxf4+ 40.
exf4 e4 41. Kf2 d4 42. h3 Kxc5 43. g4 Kd5 44. g5 hxg5 45. fxg5 Ke5 46. h4 f4 47.
h5 Kf5 48. g6 Kf6 49. Ke2 e3 50. Kf1 f3 51. Ke1 d3 52. Kd1 d2 53. Kc2 f2 {White
resigns} 0-1

[Event "Team 45 45 League T72"]
[Site "Internet Chess Club"]
[Date "2017.04.23"]
[Round "6"]
[White "crazyhorses"]
[Black "sdcohle"]
[Result "0-1"]
[WhiteElo "1328"]
[BlackElo "1446"]
[Opening "French: King's Indian attack"]
[ECO "C00"]
[Time "15:01:40"]
[TimeControl "2700+45"]

1. e4 e6 2. d3 d5 3. Nd2 dxe4 4. dxe4 e5 5. Ngf3 Nd7 6. Nc4 Qe7 7. b3 Ngf6 8.
Bd3 b5 9. Ba3 c5 10. Ncxe5 Nxe5 11. Nxe5 Qxe5 12. Bxb5+ Bd7 13. Qd3 Qxa1+ {White
resigns} 0-1

[Event "Team 45 45 League T72"]
[Site "Internet Chess Club"]
[Date "2017.04.22"]
[Round "6"]
[White "Visin"]
[Black "rkjulianjr"]
[Result "0-1"]
[WhiteElo "1276"]
[BlackElo "1314"]
[Opening "Scotch: Schmidt variation"]
[ECO "C45"]
[Time "15:00:49"]
[TimeControl "2700+45"]

1. e4 e5 2. Nf3 Nc6 3. d4 exd4 4. Nxd4 Nf6 5. Nc3 Bb4 6. Qd3 Bxc3+ 7. bxc3 d6 8.
Be2 O-O 9. Bg5 h6 10. Bh4 Re8 11. Bf3 Ne5 12. Qd1 Nxf3+ 13. Qxf3 g5 14. Bg3
Rxe4+ 15. Ne2 Bg4 16. Qd3 Bxe2 17. Qd1 {White resigns} 0-1